Map: Kairos Junction LE

Players

Epic

  • Race: Terran Terran
  • League: Grandmaster
  • Spawn Location: 11:00

puCK (Nina) - Winner!

  • Race: Protoss Protoss
  • League: Grandmaster
  • Spawn Location: 5:00

Event: 2019 WCS Winter Americas

VOD

Have the link to the VOD?

Description

Time

  • Played on: Feb. 16, 2019, 12:37 p.m.
  • Length: 10:28

All games in this series

Show
View Real Time Build Order
Export as new Build Order

Epic Terran 

Build Orders: Gas First Reaper Expand 

Get SALT Encoding   

  12  0:00  SCV  
  13  0:12  SCV  
  14  0:16  Supply Depot  
  14  0:24  SCV  
  14  0:27  Refinery  
  15  0:38  SCV  
  16  0:44  Barracks  
  16  0:50  SCV  
  17  1:02  SCV  
  18  1:14  SCV  
  19  1:31  Reaper, Orbital Command  
  20  1:50  Command Center  
  20  1:56  SCV  
  21  2:02  Factory  
  21  2:06  Barracks Reactor  
  21  2:09  SCV  
  21  2:14  Supply Depot  
  22  2:19  Refinery  
  22  2:21  SCV  
  23  2:36  SCV  
  24  2:42  Marine x2  
  26  2:47  Hellion, Starport  
  26  2:48  SCV  
  29  3:00  SCV, Marine  
  29  3:02  Marine  
  29  3:04  Orbital Command  
  32  3:08  Factory Tech Lab  
  32  3:12  SCV  
  33  3:20  Marine  
  33  3:21  Marine  
  35  3:28  SCV  
  35  3:30  SCV  
  35  3:33  Raven  
  39  3:35  Barracks  
  39  3:41  Marine x2  
  39  3:45  SCV x2  
  39  3:46  Supply Depot  
  39  3:47  Factory Tech Lab  
  43  3:57  SCV x2  
  43  4:00  Marine  
  46  4:07  Marine  
  46  4:09  SCV x2, Siege Tank  
  51  4:23  SCV x2, Barracks  
  51  4:25  Refinery  
  51  4:28  Stimpack  
  51  4:29  Marine x2  
  53  4:33  Supply Depot  
  53  4:35  SCV  
  53  4:37  Engineering Bay  
  53  4:38  SCV, Marine  
  55  4:39  Starport Reactor  
  56  4:49  SCV  
  56  4:50  SCV  
  56  4:52  Factory Reactor  
  58  4:54  Marine x2  
  58  4:57  Marauder, Supply Depot  
  62  5:01  SCV  
  62  5:02  SCV  
  62  5:04  Terran Infantry Weapons Level 1  
  64  5:12  Supply Depot  
  64  5:13  SCV  
  64  5:14  SCV  
  64  5:15  Marine x2  
  64  5:16  Medivac  
  64  5:18  Medivac  
  71  5:23  Marauder  
  71  5:25  Marauder  
  75  5:30  Supply Depot  
  75  5:32  Widow Mine x2  
  78  5:35  Supply Depot  
  78  5:40  Marine x2  
  78  5:41  Combat Shield  
  80  5:46  Marauder  
  79  5:52  Marauder  
  85  5:57  Widow Mine x2  
  85  6:02  Supply Depot  
  85  6:03  SCV x2  
  87  6:06  Refinery  
  87  6:09  Marauder, Marine x2  
  91  6:14  Marauder  
  91  6:17  Medivac  
  95  6:23  Supply Depot  
  95  6:25  Medivac  
  97  6:30  Command Center  
  97  6:34  Marine  
  97  6:35  Marauder, Marine  
  97  6:38  Widow Mine  
  94  6:47  Widow Mine  
  94  6:50  Medivac  
  96  6:55  Medivac  
  96  7:00  Widow Mine  
  99  7:07  Barracks Tech Lab  
  99  7:09  Widow Mine  
  99  7:12  Terran Infantry Armor Level 1  
  99  7:21  Marauder, Marine x2  
  103  7:29  Marauder, Barracks  
  105  7:30  Barracks  
  105  7:31  Widow Mine x2  
  105  7:35  Medivac  
  111  7:37  Medivac  
  111  7:38  Marine  
  114  7:45  Orbital Command  
  110  7:52  Marauder x2, Marine  
  110  7:56  Marine  
  97  8:09  Marine  
  90  8:13  Marauder  
  90  8:14  Marauder, Marine  
  91  8:22  Widow Mine  
  89  8:29  Marine  
  89  8:30  Marine x2  
Show
View Real Time Build Order
Export as new Build Order

puCK Protoss - Winner!

Build Orders: 1 Gate Expand, Blink Stalkers, Zealot Archon, Archon Drop, Dark Templar Rush 

Get SALT Encoding   

  12  0:00  Probe  
  13  0:12  Probe  
  14  0:18  Pylon  
  14  0:24  Probe  
  15  0:33  Probe  
  15  0:38  Gateway  
  15  0:42  Probe  
  16  0:48  Assimilator  
  17  0:51  Probe  
  18  1:03  Probe  
  19  1:15  Probe  
  20  1:26  Nexus  
  20  1:34  Cybernetics Core  
  20  1:37  Probe  
  21  1:44  Assimilator  
  21  1:49  Probe  
  22  1:54  Pylon  
  22  2:01  Probe  
  22  2:02  Adept  
  23  2:11  Warp Gate  
  23  2:13  Probe  
  26  2:25  Twilight Council, Probe  
  27  2:32  Stalker  
  27  2:34  Probe  
  27  2:35  Probe  
  29  2:42  Probe  
  31  2:46  Probe  
  31  2:47  Pylon  
  33  2:52  Probe  
  33  2:56  Probe  
  35  3:04  Probe  
  36  3:06  Dark Shrine  
  36  3:11  Probe  
  37  3:16  Probe  
  38  3:22  Stalker, Gateway  
  38  3:25  Probe  
  41  3:28  Probe  
  42  3:38  Probe, Robotics Facility  
  42  3:40  Probe  
  44  3:45  Assimilator  
  44  3:48  Pylon  
  44  3:50  Probe  
  44  3:54  Probe  
  44  3:55  Blink, Gateway  
  46  3:57  Pylon  
  46  4:02  Probe  
  47  4:07  Probe  
  48  4:20  Dark Templar, Warp Prism  
  48  4:23  Dark Templar  
  52  4:25  Probe  
  52  4:27  Probe  
  52  4:29  Assimilator  
  56  4:37  Probe  
  57  4:38  Pylon  
  57  4:39  Probe  
  58  4:49  Probe  
  58  4:51  Probe  
  60  5:00  Gateway x2  
  60  5:02  Archon  
  60  5:04  Stalker  
  60  5:06  Nexus  
  62  5:08  Dark Templar  
  62  5:10  Dark Templar  
  66  5:15  Archon  
  66  5:18  Gateway  
  66  5:27  Stalker  
  68  5:29  Observer  
  68  5:30  Probe  
  68  5:37  Pylon  
  68  5:42  Stalker, Forge  
  71  5:44  Pylon  
  71  5:50  Stalker  
  71  5:52  Shield Battery  
  71  5:53  Shield Battery  
  71  5:55  Stalker x2  
  77  5:57  Stalker  
  77  5:59  Charge  
  79  6:04  Pylon  
  79  6:08  Stalker  
  79  6:10  Protoss Ground Weapons Level 1  
  81  6:17  Stalker x2  
  85  6:27  Probe x2  
  85  6:28  Probe  
  88  6:38  Robotics Bay  
  87  6:47  Probe  
  86  6:55  Stalker x2  
  86  6:56  Stalker x4  
  96  7:04  Probe  
  97  7:09  Probe  
  97  7:11  Probe  
  99  7:16  Probe  
  99  7:20  Pylon  
  99  7:21  Probe  
  101  7:23  Probe, Robotics Facility  
  101  7:28  Probe  
  101  7:29  Sentry  
  111  7:33  Sentry, Probe, Assimilator  
  114  7:37  Pylon x2  
  114  7:39  Probe, Pylon  
  114  7:40  Disruptor  
  114  7:41  Probe  
  114  7:42  Pylon  
  116  7:49  Zealot x4  
  117  8:02  Zealot  
  117  8:03  Zealot  
  116  8:12  Stalker x4  
  121  8:17  Dark Templar  
  80  9:01  Nexus  
  80  9:23  Pylon  
  80  9:45  Shield Battery x2  
  80  9:47  Shield Battery  
Tags
 
Add a new tag
Caveats
  • Supply blocks, unpowered buildings, or Contaminate may cause inaccurate times.
  • Supply counts are checked every 10 seconds.